 Dungeon Crawl Stone Soup version 0.19.1 (webtiles) character file.

95946 BobbyTwoHands the Impaler (level 16, -22/133 HPs)
             Began as a Merfolk Gladiator on Dec 4, 2016.
             Was a Believer of Uskayaw.
             Annihilated by a tentacle (23 damage)
             ... attached to a kraken
             ... on level 2 of the Shoals.
             The game lasted 01:34:28 (35717 turns).

BobbyTwoHands the Impaler (Merfolk Gladiator)      Turns: 35717, Time: 01:34:28

Health: -22/133    AC: 11    Str: 30    XL:     16   Next: 15%
Magic:  30/34      EV: 31    Int: 11    God:    Uskayaw [**....]
Gold:   1481       SH:  0    Dex: 16    Spells: 4 memorised, 5 levels left

rFire  + + .     SeeInvis .     a - +2 glaive
rCold  . . .     Gourm    .     m - +3 leather armour "Vauxkin" {rF+ MP+9 Str+4 Int-3 Stlth+}
rNeg   + . .     Faith    +     (shield currently unavailable)
rPois  .         Spirit   .     H - +1 hat {Int+3}
rElec  .         Reflect  .     u - +1 cloak
rCorr  .         Harm     .     J - +1 pair of gloves
MR     ++...                    (boots currently unavailable)
Stlth  +++++.....               I - amulet of faith
                                y - ring of protection from magic
                                K - ring of Liugenipt {rF+ rN+ Str+9}

@: very slightly contaminated, repel missiles, very quick
A: change form in water, swift swim, stealthy swim
a: Stomp, Line Pass, Renounce Religion


You were on level 2 of the Shoals.
You worshipped Uskayaw.
Uskayaw was pleased with you.
You were not hungry.

You visited 5 branches of the dungeon, and saw 26 of its levels.
You also visited: Ossuary.

You collected 2173 gold pieces.
You spent 692 gold pieces at shops.

Inventory:

Hand Weapons
 a - a +2 glaive (weapon)
 b - a +3 trident
 v - a +0 blowgun
Missiles
 d - 4 throwing nets (quivered)
 x - 8 curare-tipped needles
Armour
 m - the +3 leather armour "Vauxkin" (worn) {rF+ MP+9 Str+4 Int-3 Stlth+}
   (You found it on level 4 of the Dungeon)

   It affects your strength (+4).
   It affects your intelligence (-3).
   It protects you from fire.
   It affects your magic capacity (+9).
   It makes you more stealthy.
 p - a +0 pair of boots (melded)
 u - a +1 cloak (worn)
 H - a +1 hat of intelligence (worn)
 J - a +1 pair of gloves (worn)
 W - the +3 warlock's mirror {reflect}
   (You found it on level 15 of the Dungeon)
Jewellery
 g - an uncursed ring of ice
 i - an uncursed ring of resist corrosion
 y - a ring of protection from magic (right hand)
 I - an amulet of faith (around neck)
 K - the ring of Liugenipt (left hand) {rF+ rN+ Str+9}
   (You found it on level 13 of the Dungeon)

   [ring of positive energy]

   It affects your strength (+9).
   It protects you from fire.
   It protects you from negative energy.
 Z - a +2 amulet of reflection
Wands
 r - a wand of lightning (7/15)
 t - a wand of flame (34/48)
 z - a wand of acid (9/15)
 F - a wand of digging (4/24)
 O - a wand of slowing (25/48)
 U - a wand of acid (4/15)
Scrolls
 k - 6 scrolls of remove curse
 n - 3 scrolls of magic mapping
 o - 2 scrolls of fog
 w - 5 scrolls of teleportation
 D - 4 scrolls of blinking
 E - 6 scrolls of recharging
 G - a scroll of silence
 V - 3 scrolls of enchant armour
 X - 2 scrolls of identify
Potions
 e - 4 potions of curing
 h - 5 potions of flight
 j - 3 potions of might
 q - 4 potions of lignification
 s - a potion of heal wounds
 A - 9 potions of haste
 B - 4 potions of ambrosia
 L - a potion of cancellation
 M - a potion of agility
 P - a potion of resistance
 Q - a potion of invisibility
 Y - a potion of berserk rage
Comestibles
 c - 9 chunks of flesh
 f - 10 bread rations
 l - 5 meat rations
 C - a slice of pizza
 S - 20 royal jellies
 T - 29 fruits


   Skills:
 + Level 14.0 Fighting
 - Level 20.0 Polearms
 - Level 2.0 Throwing
 - Level 4.0 Armour
 + Level 16.7 Dodging
 - Level 5.2 Stealth
 + Level 4.1 Hexes
 + Level 4.7 Charms
 + Level 1.9 Translocations
 - Level 13.0 Invocations
 - Level 2.9 Evocations


You had 5 spell levels left.
You knew the following spells:

 Your Spells              Type           Power        Failure   Level  Hunger
a - Spectral Weapon       Hex/Chrm       #.......     24%         3    ####...
b - Repel Missiles        Chrm/Air       #.....       28%         2    ###....
c - Blink                 Tloc           N/A          34%         2    ###....
d - Regeneration          Chrm/Necr      #.........   54%         3    ####...


Dungeon Overview and Level Annotations

Branches:
Dungeon (15/15)            Temple (1/1) D:7            Lair (6/6) D:11
 Shoals (2/4) Lair:3        Snake (0/4) Lair:2        Slime (0/5) Lair:5
    Orc (2/2) D:11         Vaults (0/5) D:14
    Elf: Orc:2       Depths: D:15

Altars:
Ashenzari
Cheibriados
Dithmenos
Elyvilon
Fedhas
Gozag
Hepliaklqana
Makhleb
Nemelex Xobeh
Okawaru
Qazlal
Ru
Sif Muna
Trog
Uskayaw
Vehumet
Xom
Yredelemnul
Zin
The Shining One
Beogh

Shops:
D:4 *   Orc:2 !   Shoals:1 *

Annotations:
D:3 bgiannan's ghost, amateur MiFi
D:10 2 runed doors
D:13 exclusion: downstairs, Rupert
Lair:2 exclusion: hydra
Lair:3 exclusion: oklob plant
Lair:4 exclusion: hydra


Message History

You hit the kraken but do no damage.
You tail-slap the kraken, but do no damage.
The kraken is almost dead.
Your spectral weapon hits the kraken but does no damage.
The tentacle slaps you!!
* * * LOW HITPOINT WARNING * * *
The tentacle closely misses you.
A tentacle segment bursts forth from the water.
The tentacle completely misses you. The kraken bites you!!
* * * LOW HITPOINT WARNING * * *
The tentacle completely misses you.
You take 58 damage, and have 14/133 hp.
MASSIVE DAMAGE!!
You hit the kraken but do no damage.
The kraken is almost dead.
Your spectral weapon hits the kraken.
A tentacle segment bursts forth from the water.
The tentacle slaps you!
* * * LOW HITPOINT WARNING * * *
The tentacle slaps you!!
You die...

≈)........## ##.##..≈≈≈≈≈#
≈).###....# #<....≈≈≈≈≈≈#
≈..# #....# ##....≈≈≈≈≈≈≈#
≈≈.# ##...###.....≈≈≈≈≈≈≈#
≈..# #........≈≈≈≈≈≈≈≈≈≈#
≈≈.###.........§≈≈≈≈≈≈≈≈≈#
≈≈......≈≈.###..§§§≈≈≈≈≈≈#
.≈≈....≈≈..# ##.§(w≈≈≈≈≈
≈≈###..≈≈. #.w@Xw≈≈≈≈≈
..###.≈≈≈≈....§§Vw§≈≈≈≈≈
.≈....≈≈≈≈≈...≈§§§§≈≈≈≈≈
......≈≈≈≈≈C≈≈≈≈≈≈≈≈≈≈≈≈
....[≈≈≈≈≈≈≈≈≈≈≈≈≈≈≈≈≈≈≈
.....≈≈≈≈≈≈≈≈≈≈≈≈≈≈≈≈≈≈≈
>..≈≈≈≈≈≈≈≈≈≈≈≈≈≈≈≈≈≈≈≈≈
.(.≈≈≈≈≈≈≈≈≈≈≈≈≈≈≈≈≈≈≈≈≈
..Y≈≈≈≈≈≈≈


You could see a kraken, a cyclops, 4 tentacles and a friendly spectral glaive.

Vanquished Creatures
  Gastronok (Orc:1)
  A merfolk impaler (Shoals:1)
  Josephine (D:10)
  A rakshasa (D:15)
  Fannar (Lair:2)
  5 hydras
  An alligator snapping turtle (Lair:3)
  2 centaur warriors (D:14)
  Erica (D:8)
  An orc high priest (Orc:1)
  A shock serpent (shapeshifter) (D:14)
  Nergalle (Lair:1)
  A deep elf knight (D:14)
  Sonja (Lair:2)
  A fire crab (Lair:5)
  2 sea snakes (Shoals:1)
  9 hill giants
  A glowing orange brain (D:15)
  7 ugly things
  3 deep elf magi (D:14)
  3 orc sorcerers
  7 fauns
  A cyclops (D:15)
  6 manticores
  Joseph (D:7)
  2 centaur zombies
  Psyche (D:10)
  10 black mambas
  4 sirens
  Maurice (D:8)
  23 elephants
  A water nymph (Shoals:1)
  9 spiny frogs
  2 gargoyles
  A torpor snail (Lair:3)
  A rime drake (Lair:6)
  4 yaktaurs (D:14)
  4 kobold demonologists
  2 redback zombies (D:15)
  7 komodo dragons
  2 queen bees
  8 trolls
  A two-headed ogre (D:10)
  A polar bear (shapeshifter) (D:15)
  3 meliai (Lair:6)
  7 merfolk
  A two-headed ogre (shapeshifter) (D:15)
  4 wind drakes
  3 polar bears (Lair:6)
  5 hornets (Lair:6)
  6 slime creatures
  3 hippogriffs
  17 blink frogs
  4 snapping turtles
  7 dream sheep
  A shadow (D:14)
  Sigmund (D:8)
  13 spriggans (Lair:6)
  2 wyverns
  A redback (Lair:6)
  A spriggan (shapeshifter) (D:15)
  4 wraiths
  2 vampires
  A water elemental (D:12)
  40 yaks
  Eustachio (D:6)
  Grum (D:8)
  2 basilisks
  4 vampire mosquitoes (D:14)
  Menkaure (D:7)
  3 wargs (Orc:1)
  3 nagas (Lair:2)
  Duvessa (D:7)
  9 porcupines
  19 water moccasins
  4 sky beasts
  2 ice beasts
  20 orc warriors
  5 black bears
  3 boggarts
  5 phantoms
  An eye of draining (D:13)
  9 ogres
  22 wolves
  9 centaurs
  12 crocodiles
  3 big kobolds (D:14)
  Blork the orc (D:6)
  11 bullfrogs
  A wyvern zombie (D:12)
  A wyvern skeleton (D:9)
  Dowan (D:7)
  A scorpion (D:4)
  40 killer bees
  17 wights
  An electric eel (D:12)
  A howler monkey (D:5)
  2 crimson imps
  5 hounds
  3 quasits
  15 orc priests
  A bullfrog zombie (D:11)
  4 jellies
  3 centaur skeletons
  3 bullfrog skeletons
  4 iguanas
  20 orc wizards
  6 worker ants
  7 hell rats (Lair:3)
  A hound skeleton (D:5)
  A howler monkey zombie (D:11)
  2 worker ant zombies
  2 howler monkey skeletons
  10 adders
  4 gnolls (D:9)
  2 shadow imps
  An adder zombie (D:6)
  3 adder skeletons
  2 dart slugs
  4 leopard geckos
  80 orcs
  14 bats
  3 giant cockroaches
  12 goblins
  12 hobgoblins
  17 jackals
  4 quokkas
  2 ball pythons
  4 frilled lizards
  9 kobolds
  2 quokka zombies
  5 rats
  4 fungi (D:11)
757 creatures vanquished.

Vanquished Creatures (collateral kills)
  Nessos (D:15)
1 creature vanquished.

Vanquished Creatures (others)
  An orc warrior (Orc:2)
  An orc wizard (D:5)
  2 orcs
  4 bushes (Lair:6)
  11 fungi
  29 plants
  2 tentacles (Shoals:2)
50 creatures vanquished.

Grand Total: 808 creatures vanquished

Notes
Turn   | Place    | Note
-------+----------+-------------------------------------------
     0 | D:1      | BobbyTwoHands the Merfolk Gladiator began the quest for the Orb.
     0 | D:1      | Reached XP level 1. HP: 16/16 MP: 1/1
   239 | D:1      | Reached skill level 5 in Polearms
   243 | D:1      | Reached XP level 2. HP: 13/22 MP: 2/2
   735 | D:1      | Found a shimmering altar of Xom.
   737 | D:1      | Found a shattered altar of Ashenzari.
   737 | D:1      | Found a burning altar of Makhleb.
   760 | D:1      | Found a shimmering altar of Xom.
   760 | D:1      | Found an opulent altar of Gozag.
   760 | D:1      | Found a bloodstained altar of Trog.
   843 | D:1      | Reached XP level 3. HP: 27/27 MP: 3/3
   853 | D:1      | Reached skill level 6 in Polearms
  1019 | D:2      | Found a stormy altar of Qazlal.
  1019 | D:2      | Noticed a fire elemental
  1020 | D:2      | Noticed an air elemental
  1020 | D:2      | Noticed a water elemental
  1020 | D:2      | Noticed an earth elemental
  1794 | D:3      | Noticed bgiannan's ghost (amateur MiFi)
  1852 | D:3      | Reached XP level 4. HP: 32/33 MP: 4/4
  1902 | D:3      | Reached skill level 7 in Polearms
  2263 | D:4      | Noticed a phantom
  2279 | D:4      | Found a sand-covered staircase.
  2286 | Ossuary  | Entered an ossuary
  2860 | D:2      | Killed a phantom
  2860 | D:2      | Reached skill level 8 in Polearms
  2860 | D:2      | Reached XP level 5. HP: 38/38 MP: 5/5
  3000 | D:3      | Reached skill level 9 in Polearms
  3266 | D:3      | Found a faded altar of an unknown god.
  3444 | D:3      | Reached XP level 6. HP: 44/44 MP: 6/6
  3632 | D:4      | Noticed a phantom
  3675 | D:4      | Killed a phantom
  3675 | D:4      | Reached skill level 10 in Polearms
  3765 | D:4      | Reached XP level 7. HP: 51/53 MP: 7/7
  3821 | D:4      | Got a warped leather armour
  3845 | D:2      | Identified the +3 leather armour "Vauxkin" {rF+ MP+9 Str+4 Int-3 Stlth+} (You found it on level 4 of the Dungeon)
  3932 | D:4      | Found Fiogg's Assorted Antiques.
  3938 | D:4      | Bought a scroll labeled EHICLO QID for 29 gold pieces
  3938 | D:4      | Bought a scroll labeled HAXUS YTEUNICW for 29 gold pieces
  3938 | D:4      | Bought a scroll labeled XEONODOHEH for 29 gold pieces
  3938 | D:4      | Bought a scroll of identify for 58 gold pieces
  3944 | D:4      | Found a blossoming altar of Fedhas.
  4479 | D:5      | Entered Level 5 of the Dungeon
  4549 | D:5      | Found a sacrificial altar of Ru.
  4695 | D:5      | Reached skill level 5 in Fighting
  4827 | D:5      | Reached skill level 11 in Polearms
  5022 | D:5      | Reached XP level 8. HP: 19/63 MP: 8/8
  5252 | D:5      | Found a deep blue altar of Sif Muna.
  5281 | D:5      | Identified Sif Muna's Grimoire of Dislocation
  5548 | D:5      | Found a shattered altar of Ashenzari.
  5985 | D:6      | Found a shimmering altar of Xom.
  6013 | D:6      | Noticed Blork the orc
  6036 | D:6      | Reached skill level 5 in Dodging
  6038 | D:6      | Killed Blork the orc
  6038 | D:6      | Reached skill level 12 in Polearms
  6132 | D:6      | Found a bloodstained altar of Trog.
  6221 | D:6      | Found a hazy altar of Hepliaklqana.
  6434 | D:6      | Found a snail-covered altar of Cheibriados.
  6457 | D:6      | Noticed Eustachio
  6488 | D:6      | Reached XP level 9. HP: 69/69 MP: 9/9
  6525 | D:6      | Reached skill level 13 in Polearms
  6548 | D:6      | Killed Eustachio
  6703 | D:7      | Noticed Menkaure
  6711 | D:7      | Killed Menkaure
  7122 | D:7      | Found a bloodstained altar of Trog.
  7144 | D:7      | Reached skill level 14 in Polearms
  7199 | D:7      | Found a staircase to the Ecumenical Temple.
  7210 | Temple   | Entered the Ecumenical Temple
  7251 | Temple   | Became a worshipper of Uskayaw the Reveler
  7296 | D:7      | Noticed Duvessa
  7296 | D:7      | Noticed Dowan
  7301 | D:7      | Reached * piety under Uskayaw
  7505 | D:4      | Reached ** piety under Uskayaw
  8051 | D:5      | Reached skill level 1 in Invocations
  8190 | D:8      | Noticed Erica
  8340 | D:7      | Noticed Joseph
  8415 | D:8      | Noticed Maurice
  8427 | D:8      | Reached *** piety under Uskayaw
  8431 | D:8      | Killed Maurice
  8488 | D:8      | Reached XP level 10. HP: 55/77 MP: 12/12
  8804 | D:9      | Reached skill level 10 in Dodging
  8861 | D:8      | Noticed Grum
  8884 | D:8      | Reached **** piety under Uskayaw
  8892 | D:8      | Reached ***** piety under Uskayaw
  8898 | D:8      | Killed Grum
  9033 | D:8      | Noticed Sigmund
  9056 | D:8      | Killed Sigmund
  9361 | D:9      | You fall through a shaft!
  9361 | D:10     | Entered Level 10 of the Dungeon
  9469 | D:9      | Found a glowing golden altar of the Shining One.
  9700 | D:10     | Noticed a hill giant
  9722 | D:9      | Reached skill level 5 in Invocations
 10023 | D:10     | Found a runed door.
 10101 | D:10     | Noticed a hill giant
 10293 | D:9      | Reached XP level 11. HP: 81/87 MP: 15/15
 10319 | D:10     | Found a runed door.
 10373 | D:10     | Killed a hill giant
 10394 | D:10     | Noticed Psyche
 10768 | D:11     | Found a staircase to the Lair.
 11013 | D:11     | Noticed a hill giant
 11047 | D:11     | Killed a hill giant
 11142 | D:11     | Noticed a hill giant
 11157 | D:11     | Killed a hill giant
 11328 | D:11     | Noticed a hill giant
 11407 | D:11     | Reached skill level 10 in Fighting
 11414 | D:11     | Killed a hill giant
 11619 | D:11     | Noticed a hill giant
 11665 | D:11     | Killed a hill giant
 12085 | D:11     | Found a staircase to the Orcish Mines.
 12115 | D:11     | Found a roughly hewn altar of Beogh.
 12591 | D:11     | Reached skill level 15 in Polearms
 12601 | Lair:1   | Entered Level 1 of the Lair of Beasts
 12837 | Lair:1   | Got an ichor-stained scale mail
 12889 | Lair:1   | Reached XP level 12. HP: 97/97 MP: 18/18
 13295 | Lair:1   | Noticed Nergalle
 13326 | Lair:1   | Killed Nergalle
 13326 | Lair:1   | Reached skill level 16 in Polearms
 13958 | Lair:1   | Identified the +1 scale mail of Zin's Displeasure {rN+} (You found it on level 1 of the Lair of Beasts)
 13999 | Lair:2   | Noticed Sonja
 14010 | Lair:2   | Killed Sonja
 14296 | Lair:2   | Noticed Fannar
 14351 | Lair:2   | Killed Fannar
 14351 | Lair:2   | Reached skill level 17 in Polearms
 14598 | Lair:2   | Learned a level 3 spell: Spectral Weapon
 14615 | Lair:2   | Reached skill level 1 in Stealth
 14785 | Lair:2   | Found a staircase to the Snake Pit.
 14854 | Lair:2   | Noticed a seven-headed hydra
 15796 | Lair:3   | Reached skill level 18 in Polearms
 15796 | Lair:3   | Reached skill level 5 in Stealth
 16278 | Lair:3   | Noticed a seven-headed hydra
 16584 | Lair:4   | Noticed a five-headed hydra
 16968 | Lair:4   | Reached ****** piety under Uskayaw
 16975 | Lair:4   | Reached skill level 19 in Polearms
 16975 | Lair:4   | Reached XP level 13. HP: 81/103 MP: 19/19
 17970 | Lair:5   | Reached skill level 20 in Polearms
 17983 | Lair:5   | Found a staircase to the Slime Pits.
 18952 | D:12     | Reached skill level 1 in Armour
 18952 | D:12     | Reached skill level 1 in Hexes
 18952 | D:12     | Reached skill level 1 in Charms
 18952 | D:12     | Reached skill level 1 in Evocations
 19054 | D:12     | Learned a level 2 spell: Repel Missiles
 19060 | D:12     | Learned a level 2 spell: Blink
 19064 | D:12     | Learned a level 3 spell: Regeneration
 19605 | Orc:1    | Entered Level 1 of the Orcish Mines
 19989 | Orc:1    | Noticed Gastronok
 20010 | Orc:2    | Entered Level 2 of the Orcish Mines
 20426 | Orc:2    | Found Ciatuitz's Distillery.
 20437 | Orc:2    | Bought 2 potions of haste for 200 gold pieces
 20437 | Orc:2    | Bought a potion of curing for 30 gold pieces
 20437 | Orc:2    | Bought a potion of curing for 30 gold pieces
 20636 | Orc:1    | Killed Gastronok
 20671 | Orc:2    | Noticed an orc warlord
 20941 | D:13     | Noticed Rupert
 21046 | D:10     | Killed Psyche
 21047 | D:10     | Noticed Josephine
 21052 | D:10     | Killed Josephine
 21712 | D:8      | Killed Erica
 21712 | D:8      | Reached XP level 14. HP: 68/111 MP: 20/20
 22340 | D:7      | Killed Joseph
 22392 | D:7      | Killed Dowan
 22399 | D:7      | Killed Duvessa
 23128 | Lair:3   | Found a staircase to the Shoals.
 24541 | Lair:6   | Entered Level 6 of the Lair of Beasts
 24564 | Lair:6   | Reached skill level 10 in Invocations
 25938 | Lair:6   | Got an ancient leather armour
 26313 | Lair:6   | Reached skill level 15 in Dodging
 26313 | Lair:6   | Paralysed by a hornet for 2 turns
 26708 | Lair:6   | Got an agate-encrusted scale mail
 26719 | Lair:6   | Identified the +0 leather armour of Kohixz Xami {+Fly rCorr} (You found it on level 6 of the Lair of Beasts)
 26729 | Lair:6   | Identified the cursed +0 scale mail "Liegevoss" {rF+} (You found it on level 6 of the Lair of Beasts)
 26863 | Lair:6   | Reached XP level 15. HP: 84/122 MP: 23/23
 28266 | D:13     | Got a smoking tin ring
 28272 | D:14     | Identified the ring of Liugenipt {rF+ rN+ Str+9} (You found it on level 13 of the Dungeon)
 28288 | D:13     | Paralysed by Rupert for 7 turns
 28300 | D:13     | HP: 6/122 [Rupert/great sword of electrocution (11)]
 28770 | D:14     | Got a scorched chain mail
 28974 | D:14     | Found a gate to the Vaults.
 29690 | D:14     | Identified the +2 chain mail "Igotok" {Int+6 Stlth-} (You found it on level 14 of the Dungeon)
 29930 | D:15     | Entered Level 15 of the Dungeon
 30687 | D:15     | Noticed Nessos
 30714 | D:15     | Killed Nessos
 31713 | Orc:1    | Paralysed by an orc sorcerer for 3 turns
 33164 | Shoals:1 | Entered Level 1 of the Shoals
 33189 | Shoals:1 | Found Ziyqos's Island Escapes.
 33197 | Shoals:1 | Bought a scroll of teleportation for 42 gold pieces
 33197 | Shoals:1 | Bought a scroll of fog for 28 gold pieces
 33197 | Shoals:1 | Bought a potion of invisibility for 112 gold pieces
 33197 | Shoals:1 | Bought a scroll of blinking for 105 gold pieces
 34508 | Shoals:1 | Reached skill level 1 in Translocations
 34951 | Shoals:1 | Reached XP level 16. HP: 132/132 MP: 25/25
 35700 | Shoals:2 | Noticed a kraken
 35717 | Shoals:2 | HP: 1/133 [tentacle[a kraken] (13)]
 35717 | Shoals:2 | Annihilated by a tentacle

Skill      XL: |  1  2  3  4  5  6  7  8  9 10 11 12 13 14 15 16 |
---------------+-------------------------------------------------+-----
Polearms       | 5 6 8 9 10 11 12 14 15 19 20 | 20.0
Fighting       | 3 5 6 8 10 12 13 14 | 14.0
Dodging        | 7 9 11 12 13 15 16 | 16.7
Invocations    | 2 6 8 9 11 12 13 | 13.0
Stealth        | 5 |  5.2
Armour         | 2 4 |  4.0
Hexes          | 3 4 |  4.1
Charms         | 3 4 |  4.7
Evocations     | 2 |  2.9
Translocations | 1 |  1.9
Throwing       | |  2.0

Action                   |  1- 3 |  4- 6 |  7- 9 | 10-12 | 13-15 | 16-18 || total
-------------------------+-------+-------+-------+-------+-------+-------++-------
Melee: Trident           |   148 |   182 |   561 |  1052 |    81 |       ||  2024
       Glaive            |       |       |       |       |  1542 |    93 ||  1635
       Tailslap          |       |       |       |       |     9 |     6 ||    15
Throw: Throwing net      |       |       |       |     3 |     5 |       ||     8
 Cast: Repel Missiles    |       |       |       |       |     5 |     2 ||     7
       Spectral Weapon   |       |       |       |       |     4 |     3 ||     7
Invok: Stomp             |       |       |     1 |     5 |     2 |       ||     8
       Line Pass         |       |       |       |     2 |       |       ||     2
       Grand Finale      |       |       |       |       |     3 |       ||     3
Evoke: Wand              |       |       |       |    14 |     6 |       ||    20
  Use: Scroll            |     8 |     4 |     8 |     4 |    19 |     2 ||    45
       Potion            |       |       |     1 |     2 |     8 |       ||    11
 Stab: Sleeping          |       |       |    11 |    25 |    41 |       ||    77
       Paralysed         |       |       |       |    54 |   118 |    11 ||   183
       Distracted        |       |       |       |     6 |    14 |       ||    20
       Confused          |       |       |       |     1 |       |       ||     1
       Held in net/web   |       |       |       |       |     3 |       ||     3
  Eat: Chunk             |     3 |     1 |    12 |    14 |    38 |     2 ||    70
       Meat ration       |       |     1 |     1 |     2 |     3 |       ||     7
       Fruit             |       |       |       |     6 |     4 |       ||    10
       Beef jerky        |       |       |       |       |     2 |     1 ||     3
       Pizza             |       |       |       |       |     1 |       ||     1
Armor: Ring mail         |    46 |    56 |     7 |       |       |       ||   109
       Leather armour    |     1 |       |    50 |   112 |   244 |     8 ||   415
       Skin              |       |       |    83 |     3 |       |       ||    86
Dodge: Dodged            |    75 |    72 |   221 |   482 |  1104 |    89 ||  2043
       Deflected         |       |       |       |       |    16 |     5 ||    21
Block: Other             |       |       |       |     4 |       |       ||     4
       Reflection        |       |       |       |     1 |       |       ||     1
